cohdb
Replays
Latest Replays
All Replays
Popular Replays
Top Player Replays
Match Explorer
How It Works
Community
CoH3 Stats
Reddit
Sign in to upload your games and track your stats! →
Sign in with Steam
Match 46487100
Unlisted
Match 46487100
Overview
Messages
Build Orders
End
Pioneer Squad
Construct Infanterie Kompanie
Selects Breakthrough Battlegroup
Grenadier Squad
Grenadier Squad
MG 42 Machine Gun Team
Construct Luftwaffe Kompanie
Jäger Squad
Selects Rapid Production
221 Scout Car
Flak 30 Anti-aircraft Gun Team
Medical Station
Luftwaffe Officer Quarters
Support Elements
Selects Blitzkrieg
Selects Assault Grenadiers
Selects Smoke Bombing Run
Selects Incendiary Bombing Run
Wirbelwind Flakpanzer
Marder III M Tank Destroyer
Incendiary Bombing Run
Marder III M Tank Destroyer
Selects Blitzkrieg
Marder III M Tank Destroyer
Marder III M Tank Destroyer
Incendiary Bombing Run
Marder III M Tank Destroyer
Pioneer Squad
Incendiary Bombing Run
Selects Tiger Heavy Tank
Incendiary Bombing Run
Angrybirds
Demi
FooKilla
Tony Montana
0
0
Comments
sign in to comment!
No comments posted yet!